Map: Dragon Scales LE

Players

PiOW

  • Race: Protoss Protoss
  • League: Diamond
  • Spawn Location: 11:00

Ren - Winner!

  • Race: Terran Terran
  • League: Diamond
  • Spawn Location: 5:00

VOD

Have the link to the VOD?

Description

Time

  • Played on: Sept. 19, 2023, 3:52 p.m.
  • Length: 7:03
Show
View Real Time Build Order
Export as new Build Order

PiOW Protoss 

Build Orders: Zealot Archon 

Get SALT Encoding   

  12  0:00  Probe  
  13  0:12  Probe  
  14  0:17  Pylon  
  14  0:24  Probe  
  15  0:37  Probe  
  15  0:42  Gateway  
  16  0:49  Probe (Chrono Boost)  
  17  0:51  Assimilator  
  17  1:01  Probe (Chrono Boost)  
  18  1:08  Probe (Chrono Boost)  
  19  1:15  Probe  
  20  1:31  Cybernetics Core  
  20  1:35  Probe  
  21  1:46  Nexus  
  21  1:50  Pylon  
  21  1:53  Probe  
  22  2:04  Assimilator  
  22  2:06  Stalker (Chrono Boost)  
  22  2:10  Warp Gate  
  24  2:21  Probe  
  24  2:22  Shield Battery  
  25  2:32  Forge  
  25  2:33  Probe  
  26  2:38  Stalker (Chrono Boost)  
  28  2:50  Probe  
  29  2:56  Pylon  
  29  2:58  Probe  
  30  3:02  Protoss Ground Weapons Level 1 (Chrono Boost)  
  30  3:03  Probe (Chrono Boost)  
  31  3:10  Probe (Chrono Boost)  
  34  3:20  Probe (Chrono Boost)  
  34  3:21  Probe (Chrono Boost)  
  34  3:23  Robotics Facility  
  35  3:27  Probe (Chrono Boost)  
  35  3:36  Probe  
  35  3:39  Probe  
  35  3:41  Twilight Council  
  37  3:45  Gateway  
  38  3:48  Probe  
  38  3:51  Probe  
  39  4:00  Stalker, Probe  
  42  4:04  Probe  
  43  4:11  Observer  
  43  4:12  Probe  
  43  4:15  Pylon  
  43  4:16  Probe  
  46  4:19  Templar Archives  
  46  4:21  Gateway  
  46  4:28  Probe  
  47  4:34  Assimilator  
  47  4:37  Assimilator  
  47  4:40  Probe, Pylon  
  47  4:42  Charge  
  47  4:44  Zealot  
  50  4:47  Zealot  
  50  4:52  Probe x2  
  54  4:53  Pylon  
  54  5:04  Probe x2  
  56  5:13  Stalker x2  
  60  5:16  Probe x2  
  62  5:21  Stalker  
  65  5:28  Probe  
  65  5:29  Probe  
  65  5:31  Pylon  
  65  5:33  Gateway  
  60  5:36  Zealot  
  60  5:37  Zealot  
  50  5:54  High Templar  
  52  5:57  High Templar  
  52  5:58  Stalker  
  52  6:01  Archon  
  26  6:30  Stalker x4  
Show
View Real Time Build Order
Export as new Build Order

Ren Terran - Winner!

Build Orders: 3 Rax Stim 

Get SALT Encoding   

  12  0:00  SCV  
  13  0:12  SCV  
  14  0:18  Supply Depot  
  14  0:24  SCV  
  15  0:40  Barracks, SCV  
  16  0:45  Refinery  
  16  0:52  SCV  
  17  1:04  SCV  
  18  1:16  SCV  
  19  1:28  SCV  
  19  1:32  Barracks Reactor  
  20  1:43  Command Center  
  20  1:48  Orbital Command  
  20  2:12  Supply Depot  
  20  2:14  Marine  
  20  2:15  Marine  
  22  2:25  Barracks  
  22  2:31  Barracks  
  22  2:33  Marine x2  
  24  2:45  SCV  
  24  2:46  Engineering Bay  
  25  2:54  Marine  
  25  2:57  SCV, Marine  
  28  3:04  Orbital Command  
  28  3:12  Terran Infantry Weapons Level 1  
  28  3:14  Barracks Tech Lab  
  28  3:16  SCV  
  28  3:18  Marine  
  30  3:20  Marine  
  30  3:23  Barracks Tech Lab  
  31  3:29  SCV  
  32  3:35  Stimpack  
  32  3:42  Marine x4  
  32  3:44  Combat Shield  
  32  3:48  SCV x2  
  38  3:53  Supply Depot  
  38  3:59  Marine  
  38  4:00  Marauder, Marine  
  42  4:07  Marauder, Supply Depot  
  42  4:09  SCV x2  
  46  4:22  Marauder  
  48  4:24  Marine x2  
  48  4:28  Marauder  
  48  4:30  Supply Depot  
  52  4:42  Marine x2  
  52  4:43  Marauder  
  56  4:48  SCV x2  
  56  4:50  Marauder  
  60  4:53  Supply Depot  
  60  4:59  Marine  
  60  5:00  SCV  
  60  5:04  Marauder  
  60  5:05  Refinery  
  64  5:07  SCV  
  64  5:08  Refinery x2, Marine  
  64  5:10  Marine  
  64  5:12  SCV  
  68  5:17  Marine  
  68  5:20  SCV  
  70  5:24  SCV, Supply Depot  
  70  5:25  Marine  
  72  5:29  Marauder  
  72  5:32  SCV  
  72  5:38  Marine x2  
  71  5:43  Marine  
  72  5:50  Marine  
  72  5:56  Marine x2  
  75  6:00  Missile Turret x2  
  75  6:01  Marauder  
  75  6:04  SCV x2  
  78  6:07  Marine  
  80  6:14  Marine x2  
  80  6:17  SCV  
  78  6:22  Marine  
  78  6:25  Command Center, Marine, Factory  
  79  6:31  Marine  
  79  6:32  Marine  
  72  6:40  Marine  
  72  6:43  Marine  
Tags
 
Build Order
3 Rax Stim
Composition
Zealot Archon
Matchup
PvT
Spawn Locations
Cross Positions
Add a new tag
Caveats
  • Supply blocks, unpowered buildings, or Contaminate may cause inaccurate times.
  • Supply counts are checked every 10 seconds.